 Dungeon Crawl Stone Soup version 0.30-a0-368-g86fb4627a9 (webtiles) character file.

Game seed: 7379719741288748883

438 Tocho the Conjurer (level 6, -11/48 HPs)
             Began as a Draconian Conjurer on Nov 20, 2022.
             Mangled by Blork the orc
             ... wielding a +3 halberd of protection
              (12 damage)
             ... on level 4 of the Dungeon.
             The game lasted 00:04:52 (2605 turns).

Tocho the Conjurer (Draconian Conjurer)             Turns: 2605, Time: 00:04:53

Health: -11/48     AC:  7    Str:  7 (9)  XL:     6   Next: 69%
Magic:  3/9        EV: 11    Int: 20 (21) God:
Gold:   123        SH:  0    Dex:  6 (9)  Spells: 6/9 levels left

rFire   . . .      SeeInvis .    r - +2 arbalest (elec)
rCold   . . .      Faith    .    (shield currently unavailable)
rNeg    . . .      Spirit   .    (body armour unavailable)
rPois   .          Reflect  .    (helmet restricted)
rElec   .          Harm     .    (no cloak)
rCorr   .          Rampage  .    q - +0 pair of gloves
Will    .....                    (no boots)
Stlth   ++........               (no amulet)
HPRegen 0.28/turn                (no ring)
MPRegen 0.11/turn                (no ring)

@: no status effects
A: AC +6, unfitting armour, cold-blooded
a: no special abilities


You were on level 4 of the Dungeon.
You visited 1 branch of the dungeon, and saw 4 of its levels.

You collected 123 gold pieces.

Inventory:

Hand Weapons
 r - a +2 arbalest of electrocution (weapon)
 y - the +4 sling of the Scorned {freeze, Contam Dex+2 Stlth+}
   (You found it on level 3 of the Dungeon)

   Any ammunition fired from it freezes those it strikes, dealing additional
   cold damage.
   It can also slow down cold-blooded creatures.
   Dex:       It affects your dexterity (+2).
   Contam:    It causes magical contamination when unequipped.
   Stlth:     It makes you more stealthy.
Missiles
 i - 6 poisoned darts
Armour
 q - a +0 pair of gloves (worn)
Jewellery
 b - a ring of poison resistance
 s - a ring of protection from cold
Wands
 x - a wand of polymorph (5)
Scrolls
 c - a scroll of torment {unknown}
 d - a scroll of summoning {unknown}
 f - a scroll of acquirement {unknown}
 g - a scroll of brand weapon {unknown}
 h - a scroll of blinking {unknown}
 k - a scroll of enchant armour {unknown}
 l - 2 scrolls of noise {unknown}
 m - a scroll of identify {unknown}
 o - a scroll of amnesia {unknown}
 p - a scroll of teleportation {unknown}
 u - a scroll of silence {unknown}
 w - a scroll of enchant weapon {unknown}
Potions
 a - 3 potions of magic
 e - a potion of degeneration
 j - a potion of attraction {unknown}
 n - 3 potions of curing {unknown}
 t - a potion of resistance {unknown}
 v - a potion of heal wounds {unknown}


   Skills:
 + Level 2.1 Fighting
 + Level 4.4 Ranged Weapons
 + Level 2.5 Dodging
 + Level 2.2 Stealth
 + Level 2.3 Spellcasting
 + Level 5.0 Conjurations


You had 6 spell levels left.
You knew the following spells:

 Your Spells              Type           Power      Damage    Failure   Level
a - Magic Dart            Conj           88%        1d7       1%          1
b - Searing Ray           Conj           44%        2d6       3%          2

Your spell library contained the following spells:

 Spells                   Type           Power      Damage    Failure   Level
 Dazzling Flash           Conj/Hex       24%        N/A       16%         3
 Sublimation of Blood     Necr           2%         N/A       22%         2
 Wereblood                Tmut           2%         N/A       22%         2
 Fulminant Prism          Conj/Hex       6%         3d6       47%         4
 Iskenderun's Mystic Bla  Conj/Tloc      12%        2d5       47%         4
 Summon Hydra             Summ           1%         N/A       100%        7


Dungeon Overview and Level Annotations

Branches:
Dungeon (4/15)
 Temple: D:4-7

Altars:

Annotations:
D:4 Blork the orc


Innate Abilities, Weirdness & Mutations

Your plain brown scales are hard. (AC +6)
You cannot fit into any form of body armour.
You are cold-blooded and may be slowed by cold attacks.


Message History

You kill the hound!
The searing ray misses the gnoll.
Blork the orc screams, "I'll make a cloak from your skin!"
The searing ray hits the gnoll!
You kill the gnoll!
Your Fighting skill increases to level 2!
You shoot a bolt. The bolt hits Blork the orc.
Blork the orc is lightly wounded.
Blork the orc hits you from afar with a +3 halberd of protection.
Unknown command.
Found 6 boomerangs.
Blork the orc looks braver for a moment. x2
Blork the orc misses you. Blork the orc completely misses you.
Blork the orc barely misses you.
Blork the orc points at you and mumbles some strange words.
The puff of flame hits you!
Casting: Searing Ray (safe; 2% risk of failure)
Confirm with . or Enter, or press ? or * to list all spells.
Aiming: Searing Ray (safe; 2% risk of failure)
Press: ? - help, Shift-Dir - straight line, f/p - Blork the orc
Aim: Blork the orc, wielding a +3 halberd of protection and wearing a +0 robe (lightly wounded, fast, 81% to hit)
The searing ray hits Blork the orc.
Blork the orc is moderately wounded. (Press . to maintain the ray.) Blork the orc hits you from afar with a +3 halberd of protection.
The searing ray misses Blork the orc.
Blork the orc hits you from afar with a +3 halberd of protection!
Blork the orc hits you from afar with a +3 halberd of protection.
* * * LOW HITPOINT WARNING * * *
The searing ray hits Blork the orc!
Blork the orc is heavily wounded.
Blork the orc hits you from afar with a +3 halberd of protection!
* * * LOW HITPOINT WARNING * * *
Blork the orc hits you from afar with a +3 halberd of protection.
* * * LOW HITPOINT WARNING * * *
It was a potion of degeneration.
There was something very wrong with that liquid.
You feel weakened.
You feel dopey.
You feel clumsy.
Blork the orc hits you from afar with a +3 halberd of protection!
You die...

## #.. ##..#####
.......# #.#.#.###
###.(@.o..#####
.?....##.##.....#
##.##.#...#.....#
.#...#.......#...#
.. ......$.#.....#
#....##..##.....#
.##..#..#..).....#
....#..#..##....#
##..##....#.#†##


You could see Blork the orc (fast).

Vanquished Creatures
  Grinder (D:3)
  A necrophage (D:4)
  A scorpion (D:4)
  A hound (D:4)
  2 gnolls (D:4)
  3 adders
  A worm (D:3)
  9 orcs
  10 bats
  2 endoplasms
  3 giant cockroaches
  2 goblins (D:2)
  5 hobgoblins
  4 kobolds
  A quokka (D:2)
  3 ball pythons
  4 frilled lizards
  2 rats
55 creatures vanquished.

Vanquished Creatures (others)
  5 toadstools (D:4)
5 creatures vanquished.

Grand Total: 60 creatures vanquished

Notes
Turn   | Place    | Note
-------+----------+-------------------------------------------
     0 | D:1      | Tocho the Draconian Conjurer began the quest for the Orb.
     0 | D:1      | Reached XP level 1. HP: 14/14 MP: 3/3
   249 | D:1      | Reached XP level 2. HP: 20/20 MP: 3/5
   308 | D:1      | Found a faded altar of an unknown god.
   365 | D:1      | Learned a level 2 spell: Searing Ray
  1482 | D:2      | Reached XP level 3. HP: 26/26 MP: 6/6
  1791 | D:3      | Reached skill level 1 in Ranged Weapons
  1860 | D:3      | Reached XP level 4. HP: 15/33 MP: 7/7
  1978 | D:3      | Identified the +4 sling of the Scorned {freeze, Contam
                  | Dex+2 Stlth+}
  2016 | D:3      | Noticed Grinder
  2019 | D:3      | Paralysed by Grinder for 4 turns
  2091 | D:3      | Paralysed by Grinder for 5 turns
  2103 | D:3      | Killed Grinder
  2104 | D:3      | Reached skill level 1 in Fighting
  2104 | D:3      | Reached XP level 5. HP: 27/40 MP: 1/8
  2393 | D:4      | Reached XP level 6. HP: 32/47 MP: 9/9
  2428 | D:4      | Reached skill level 5 in Conjurations
  2581 | D:4      | Noticed Blork the orc
  2604 | D:4      | HP: 1/48 [Blork the orc/+3 halberd of protection (5)]
  2605 | D:4      | Mangled by Blork the orc

Illustrated notes

Levels and vault maps discovered:
D:1:      dpeg_arrival_ternary, layout_rooms,
          hellmonk_ecumenical_altar_arch_garden
D:2:      layout_basic
D:3:      layout_rooms, uniq_grinder
D:4:      layout_rooms, minmay_temple_entry_overgrown, minmay_gold_behind_fungi,
          hangedman_decor_clover_reticule, uniq_edmund, uniq_blork_the_orc

Skill      XL: |  1  2  3  4  5  6 |
---------------+-------------------+-----
Stealth        | 2 |  2.2
Ranged Weapons | 1 3 4 |  4.4
Fighting       | 1 2 |  2.1
Dodging        | 2 |  2.5
Conjurations   | 5 |  5.0
Spellcasting   | |  2.3

Action                   |  1- 3 |  4- 6 || total
-------------------------+-------+-------++-------
Melee: Unarmed           |    11 |       ||    11
 Fire: Arbalest          |    69 |    37 ||   106
 Cast: Magic Dart        |    37 |       ||    37
       Searing Ray       |     2 |     6 ||     8
  Use: Potion            |       |     1 ||     1
Armor: Skin              |    35 |    30 ||    65
Dodge: Dodged            |    60 |    58 ||   118

Table legend: (Time is in decaauts)
 A = Elapsed time spent in this place.
 B = Non-inter-level travel time spent in this place.
 C = Inter-level travel time spent in this place.
 D = Time resting spent in this place.
 E = Time spent auto-exploring this place.
 F = Levels seen in this place.
 G = Mean time per level.
                   A        B        C        D        E       F      G
               +--------+--------+--------+--------+--------+-----+--------+
         Total |   2686 |   2399 |    287 |      3 |   1915 |   4 |  671.5 |
       Dungeon |   2686 |   2399 |    287 |      3 |   1915 |   4 |  671.5 |
               +--------+--------+--------+--------+--------+-----+--------+

Top non-repeatable levels by time:
     D:2: 969 daAuts
     D:3: 805 daAuts
     D:1: 669 daAuts
     D:4: 242 daAuts
